 Dungeon Crawl Stone Soup version 0.26-a0-665-gefeb406119 (webtiles) character file.

Game seed: 430045807654049484

25 imo the Chopper (level 2, -4/27 HPs)
             Began as a Deep Dwarf Fighter on Oct 15, 2020.
             Was an Initiate of Ru.
             Slain by an orc
             ... wielding a +0 flail
              (9 damage)
             ... on level 4 of the Dungeon.
             The game lasted 00:02:11 (285 turns).

imo the Chopper (Deep Dwarf Fighter)                 Turns: 285, Time: 00:02:11

Health: -4/27      AC:  6    Str: 19    XL:     2   Next: 82%
Magic:  1/1        EV:  7    Int:  8    God:    Ru [......]
Gold:   62         SH:  9    Dex: 12    Spells: 1/1 levels left

rFire    . . .     SeeInvis .   a - +0 war axe
rCold    . . .     Faith    .   c - +0 kite shield
rNeg     . . .     Spirit   .   b - +0 scale mail
rPois    .         Reflect  .   (no helmet)
rElec    .         Harm     .   (no cloak)
rCorr    .         Rampage  .   (no gloves)
MR       .....                  (no boots)
Stlth    ..........             (no amulet)
HPRegen  0.00/turn              (no ring)
MPRegen  0.07/turn              (no ring)

@: non-regenerating
A: damage resistance, heal wounds, sense surroundings 1, no regeneration
a: Heal Wounds, Renounce Religion


You were on level 4 of the Dungeon.
You worshipped Ru.
Ru was noncommittal.
You visited 2 branches of the dungeon, and saw 5 of its levels.

You collected 62 gold pieces.

Inventory:

Hand Weapons
 a - a +0 war axe (weapon)
Armour
 b - a +0 scale mail (worn)
 c - a +0 kite shield (worn)
 f - a +0 pair of boots
Scrolls
 g - a scroll of teleportation {unknown}
 h - 2 scrolls of remove curse {unknown}
 j - a scroll of immolation {unknown}
 k - a scroll of identify {unknown}
Potions
 d - a potion of might
 e - a potion of invisibility {unknown}
 i - a potion of haste {unknown}
 l - a potion of lignification {unknown}


   Skills:
 - Level 2.6 Fighting
 + Level 3.8 Axes
 - Level 3.2 Armour
 - Level 3.2 Shields


You had one spell level left.
You didn't know any spells.
Your spell library was empty.

Dungeon Overview and Level Annotations

Branches:
Dungeon (4/15)             Temple (1/1) D:4

Altars:
Ashenzari
Dithmenos
Fedhas
Gozag
Hepliaklqana
Makhleb
Nemelex Xobeh
Qazlal
Ru
Sif Muna
Xom
Yredelemnul


Innate Abilities, Weirdness & Mutations

You are resistant to damage.
You can heal yourself by infusing magical energy.
You passively map a small area around you.
You do not regenerate.


Message History

You hit the orc but do no damage. The orc hits you with a +0 flail.
The orc hits you but does no damage.
The frilled lizard bites you but does no damage.
The orc wizard mumbles some strange words.
The orc wizard blinks!
You block the orc's attack. x2
You block the frilled lizard's attack.
You hit the orc.
The orc is heavily wounded.
You slash the frilled lizard!
You kill the frilled lizard!
You hit the orc but do no damage.
You feel yourself speed up.
The orc wizard points at you and mumbles some strange words.
The magic dart hits you! The orc hits you but does no damage.
The orc hits you with a +0 flail. The orc wizard casts a spell at you.
The magic dart hits you!
* * * LOW HITPOINT WARNING * * *
The orc hits you but does no damage. The orc hits you with a +0 flail!
You die...

#####.##..##..#....##...
.................>......
..............##....#...
.....(.......#..#....#.#
................#.#..#.#
.........#.##..#...##..#
,
..>........#..........##
,
.....o#..##..#..#...##..
*
.....#.@..........#.....
,......oo....###.###.#..#
.....#..#>.## #.#* .#.##
, .........).####.# ....#
........##......##...#*
.......?######......#
#..#....# ####.....# ,*
...#.#.## #........##. .#
..#. #.##.#......#


You could see an orc wizard and 2 orcs.

Vanquished Creatures
  An adder (D:4)
  A worm (D:4)
  A leopard gecko (D:2)
  2 orcs (D:3)
  A giant cockroach (Temple)
  2 jackals (D:3)
  2 frilled lizards
  A rat (D:1)
11 creatures vanquished.

Vanquished Creatures (others)
  A kobold (D:2)
1 creature vanquished.

Grand Total: 12 creatures vanquished

Notes
Turn   | Place    | Note
-------+----------+-------------------------------------------
     0 | D:1      | imo the Deep Dwarf Fighter began the quest for the Orb.
     0 | D:1      | Reached XP level 1. HP: 20/20 MP: 1/1
    94 | D:2      | You fall into a shaft and drop 1 floor!
   157 | D:3      | Reached XP level 2. HP: 20/27 MP: 2/2
   211 | D:4      | Found a staircase to the Ecumenical Temple.
   217 | Temple   | Entered the Ecumenical Temple
   231 | Temple   | Became a worshipper of Ru the Awakened
   285 | D:4      | Slain by an orc

Illustrated notes

Levels and vault maps discovered:
D:1:      eino_arrival_cavern_b, layout_rooms
D:2:      minmay_diamond_boxcup, layout_basic
D:3:      layout_basic
D:4:      layout_rooms, minmay_temple_entry_mini_moons
Temple:   grunt_wide_crystal_templ

Skill      XL: |  1 |
---------------+----+-----
Axes           | 3 |  3.8
Fighting       | |  2.6
Armour         | |  3.2
Shields        | |  3.2

Action                   || total
-------------------------++-------
Melee: War axe           ||    54
 Abil: Heal Wounds       ||     1
Armor: Scale mail        ||    45
Dodge: Dodged            ||    16
Block: Kite shield       ||    45

Table legend: (Time is in decaauts)
 A = Elapsed time spent in this place.
 B = Non-inter-level travel time spent in this place.
 C = Inter-level travel time spent in this place.
 D = Time resting spent in this place.
 E = Time spent auto-exploring this place.
 F = Levels seen in this place.
 G = Mean time per level.
                   A        B        C        D        E       F      G
               +--------+--------+--------+--------+--------+-----+--------+
         Total |    315 |    315 |      0 |      0 |      0 |   5 |   63.0 |
       Dungeon |    290 |    290 |      0 |      0 |      0 |   4 |   72.5 |
        Temple |     25 |     25 |      0 |      0 |      0 |   1 |   25.0 |
               +--------+--------+--------+--------+--------+-----+--------+

Top non-repeatable levels by time:
     D:3: 104 daAuts
     D:4: 84 daAuts
     D:1: 76 daAuts
  Temple: 25 daAuts
     D:2: 24 daAuts
